 Dungeon Crawl Stone Soup version 0.29.1-1-gd02db6906a (webtiles) character file.

Game seed: 10065169062182154902

92 safid the Shooter (level 4, -1/38 HPs)
             Began as a Minotaur Hunter on Oct 13, 2022.
             Slain by a gnoll
             ... wielding a +4 whip
              (7 damage)
             ... on level 2 of the Dungeon.
             The game lasted 00:01:53 (1508 turns).

safid the Shooter (Minotaur Hunter)                 Turns: 1508, Time: 00:01:54

Health: -1/38      AC:  3    Str: 15    XL:     4   Next: 35%
Magic:  3/3        EV: 12    Int:  6    God:
Gold:   74         SH:  0    Dex: 16    Spells: 3/3 levels left

rFire   . . .      SeeInvis .   a - +0 shortbow
rCold   . . .      Faith    .   (shield currently unavailable)
rNeg    . . .      Spirit   .   c - +0 leather armour
rPois   .          Reflect  .   (helmet restricted)
rElec   .          Harm     .   (no cloak)
rCorr   .          Rampage  .   (no gloves)
Will    .....                   (no boots)
Stlth   +.........              (no amulet)
HPRegen 0.12/turn               (no ring)
MPRegen 0.08/turn               (no ring)

@: no status effects
A: horns 2, retaliatory headbutt
a: no special abilities


You were on level 2 of the Dungeon.
You visited 1 branch of the dungeon, and saw 2 of its levels.

You collected 74 gold pieces.

Inventory:

Hand Weapons
 a - a +0 shortbow (weapon)
Missiles
 e - 2 curare-tipped darts
Armour
 c - a +0 leather armour (worn)
Wands
 l - a wand of flame (27)
Scrolls
 b - a scroll of immolation
 f - a scroll of vulnerability {unknown}
 i - a scroll of identify {unknown}
 k - 2 scrolls of enchant armour {unknown}
 m - a scroll of brand weapon {unknown}
Potions
 d - a potion of flight {unknown}
 g - 2 potions of lignification {unknown}
 h - a potion of heal wounds {unknown}
 j - 2 potions of invisibility {unknown}


   Skills:
 - Level 3.0 Fighting
 + Level 6.2 Ranged Weapons
 - Level 2.1 Dodging
 - Level 0.7 Stealth


You had 3 spell levels left.
You didn't know any spells.
Your spell library was empty.

Dungeon Overview and Level Annotations

Branches:
Dungeon (2/15)

Altars:


Innate Abilities, Weirdness & Mutations

You have a pair of horns on your head.
You reflexively headbutt those who attack you in melee.


Message History

You shoot an arrow. The arrow closely misses the gnoll.
The arrow completely misses the gnoll.
You shoot an arrow. The arrow barely misses the gnoll.
The arrow hits the gnoll but does no damage.
You hear a shout!
You shoot an arrow. The arrow hits the gnoll.
The gnoll is lightly wounded.
The gnoll hits you from afar with a +0 spear.
You shoot an arrow. The arrow hits the gnoll.
The gnoll is moderately wounded.
The gnoll hits you from afar with a +0 spear.
You shoot an arrow. The arrow hits the gnoll!
The gnoll is almost dead.
You hear a shout!
A hobgoblin comes into view.
The gnoll barely misses you.
A gnoll comes into view. It is wielding a +0 whip.
You shoot an arrow.
The arrow hits the gnoll but does no damage.
The gnoll closely misses you.
The gnoll hits you from afar with a +0 spear. x2
The gnoll barely misses you.
You shoot an arrow. The arrow completely misses the gnoll.
The arrow hits the gnoll.
You kill the gnoll!
The gnoll hits you with a +4 whip.
You shoot an arrow. The arrow hits the gnoll.
The gnoll is moderately wounded.
The gnoll hits you with a +4 whip.
You are too injured to fight recklessly!
You are too injured to fight recklessly!
You are too injured to fight recklessly!
You are too injured to fight recklessly!
The gnoll attacks as you move away! The gnoll barely misses you.
The gnoll attacks as you move away! The gnoll misses you.
The gnoll attacks as you move away! The gnoll hits you with a +4 whip.
The gnoll attacks as you move away! The gnoll hits you with a +4 whip.
* * * LOW HITPOINT WARNING * * *
The gnoll attacks as you move away! The gnoll hits you with a +4 whip!
You die...

######## ####......# #.........#
##### #.........# #...#
.##.........########...##########
).).w.......g...(......'........>
################g......#.#######.
######......#g......#.# #.
#...........#@....##### ##
##.....>...........#
.#.................#
#..###'#............# #.#
#.#......#.....# ♣ #.#
#.#########....# ♣♣ #.# #.#
#.......## ♣. #.###.# #........#
♣.♣ #.....# #.......## ♣ ♣


You could see 2 gnolls.

Vanquished Creatures
  Jessica (D:2)
  2 gnolls (D:2)
  An adder (D:2)
  A dart slug (D:2)
  2 bats
  3 endoplasms
  2 giant cockroaches
  3 goblins (D:2)
  3 hobgoblins (D:2)
  6 jackals
  A quokka (D:1)
  A ball python (D:2)
  2 frilled lizards
  2 kobolds
  2 rats (D:2)
32 creatures vanquished.

Vanquished Creatures (others)
  5 plants (D:1)
5 creatures vanquished.

Grand Total: 37 creatures vanquished

Notes
Turn   | Place    | Note
-------+----------+-------------------------------------------
     0 | D:1      | safid the Minotaur Hunter began the quest for the Orb.
     0 | D:1      | Reached XP level 1. HP: 18/18 MP: 0/0
    90 | D:1      | Found a faded altar of an unknown god.
    90 | D:1      | Noticed a tormentor
   231 | D:1      | Reached XP level 2. HP: 3/26 MP: 1/1
   860 | D:2      | Noticed Jessica
  1075 | D:2      | Killed Jessica
  1076 | D:2      | Reached skill level 5 in Ranged Weapons
  1076 | D:2      | Reached XP level 3. HP: 31/31 MP: 2/2
  1400 | D:2      | Reached XP level 4. HP: 38/38 MP: 3/3
  1418 | D:2      | Reached skill level 6 in Ranged Weapons
  1508 | D:2      | Slain by a gnoll

Illustrated notes

Levels and vault maps discovered:
D:1:      psy_arrival_fountain, layout_basic,
          dreamdust_ecumenical_altar_sealed_demon, serial_bayou_lagoon_b
D:2:      kennysheep_big_flooded_room, layout_basic,
          hangedman_decor_clover_reticule, minmay_between,
          uniq_crazy_yiuf_cottage, uniq_robin, uniq_jessica

Skill      XL: |  1  2  3  4 |
---------------+-------------+-----
Fighting       | 3 |  3.0
Ranged Weapons | 5 6 |  6.2
Dodging        | |  2.1
Stealth        | |  0.7

Action                   |  1- 3 |  4- 6 || total
-------------------------+-------+-------++-------
 Fire: Shortbow          |    92 |    16 ||   108
Armor: Leather armour    |    30 |       ||    30
Dodge: Dodged            |    49 |     5 ||    54
